 Dungeon Crawl Stone Soup version 0.26.1-2-gb8aa6d0cf2 (webtiles) character file.

Game seed: 3941602236226127973

10539 Nezzrak the Blocker (level 11, -11/89 HPs)
             Began as a Gnoll Fighter on Mar 28, 2021.
             Was an Initiate of Gozag.
             Mangled by Snorg (12 damage)
             ... on level 9 of the Dungeon.
             The game lasted 01:08:43 (11716 turns).

Nezzrak the Blocker (Gnoll Fighter)                Turns: 11716, Time: 01:08:44

Health: -11/89     AC: 19    Str: 22    XL:     11   Next: 63%
Magic:  0/20       EV: 11    Int: 16    God:    Gozag
Gold:   1212       SH: 12    Dex: 15    Spells: 11/23 levels left

rFire    . . .     SeeInvis .   a - +3 war axe
rCold    + . .     Faith    .   c - +0 kite shield
rNeg     . . .     Spirit   +   h - +2 chain mail {rC+}
rPois    .         Reflect  .   (helmet restricted)
rElec    .         Harm     .   m - +0 cloak
rCorr    .         Rampage  .   n - +0 pair of gloves
Will     .....                  q - +0 pair of boots
Stlth    ..........             J - amulet of guardian spirit
HPRegen  0.64/turn              Q - +4 ring of slaying
MPRegen  0.17/turn              r - +6 ring of intelligence

@: mighty, about to teleport
A: distributed training, fangs 1, horns 1, slimy green scales 1, blurry vision
1, regeneration 1, strong nose
a: Renounce Religion, Potion Petition, Call Merchant, Bribe Branch


You were on level 9 of the Dungeon.
You worshipped Gozag.
Gozag was most pleased with you.
You visited 2 branches of the dungeon, and saw 11 of its levels.

You collected 1695 gold pieces.
You spent 390 gold pieces at shops.
You paid 93 gold pieces to Gozag.

Inventory:

Hand Weapons
 a - a +3 war axe (weapon)
 e - a +2 hand axe of electrocution
 l - a +0 hunting sling
 E - a +2 falchion of protection
Missiles
 g - 340 stones (quivered)
Armour
 c - a +0 kite shield (worn)
 h - a +2 chain mail of cold resistance (worn)
 m - a +0 cloak (worn)
 n - a +0 pair of gloves (worn)
 q - a +0 pair of boots (worn)
Jewellery
 p - an uncursed ring of willpower
 r - a +6 ring of intelligence (right hand)
 H - a +6 ring of strength {unknown}
 J - an amulet of guardian spirit (around neck)
 Q - a +4 ring of slaying (left hand)
 T - an uncursed amulet of magic regeneration {unknown}
Wands
 b - a wand of polymorph (10)
 A - a wand of paralysis (10)
 C - a wand of enslavement (10)
 L - a wand of acid (30)
 N - a wand of digging (4)
 O - a wand of flame (30)
Scrolls
 i - a scroll of immolation {unknown}
 j - 7 scrolls of remove curse
 s - a scroll of noise {unknown}
 u - 5 scrolls of teleportation
 v - 2 scrolls of identify
 y - 2 scrolls of fear {unknown}
 I - a scroll of torment {unknown}
 M - a scroll of magic mapping
Potions
 d - 3 potions of resistance
 f - a potion of cancellation {unknown}
 k - a potion of brilliance
 o - a potion of flight
 t - a potion of magic {unknown}
 w - 2 potions of lignification {unknown}
 z - a potion of mutation
 B - a potion of haste {unknown}
 D - a potion of ambrosia {unknown}
 F - a potion of heal wounds {unknown}
 G - a potion of berserk rage {unknown}
 K - 2 potions of curing
 P - a potion of might


   Skills:
 + Level 9.3 Fighting
 + Level 6.5 Short Blades
 + Level 6.5 Long Blades
 + Level 8.0 Axes
 + Level 6.5 Maces & Flails
 + Level 6.5 Polearms
 + Level 6.5 Staves
 + Level 6.5 Slings
 + Level 6.5 Bows
 + Level 6.5 Crossbows
 + Level 6.5 Throwing
 + Level 9.3 Armour
 + Level 6.5 Dodging
 + Level 6.5 Stealth
 + Level 9.3 Shields
 + Level 6.5 Unarmed Combat
 + Level 6.5 Spellcasting
 + Level 5.3 Conjurations
 + Level 5.3 Hexes
 + Level 5.3 Summonings
 + Level 5.3 Necromancy
 + Level 5.3 Translocations
 + Level 5.3 Transmutations
 + Level 5.3 Fire Magic
 + Level 5.3 Ice Magic
 + Level 5.3 Air Magic
 + Level 5.3 Earth Magic
 + Level 5.3 Poison Magic
 + Level 7.1 Invocations
 + Level 6.5 Evocations


You had 11 spell levels left.
You knew the following spells:

 Your Spells              Type           Power        Failure   Level
a - Freeze                Ice            88%          19%         1
b - Ozocubu's Armour      Ice            22%          50%         3
c - Summon Ice Beast      Ice/Summ       22%          88%         4
d - Hailstorm             Conj/Ice       22%          88%         4

Your spell library contained the following spells:

 Spells                   Type           Power        Failure   Level
 Frozen Ramparts          Ice            44%          50%         3


Dungeon Overview and Level Annotations

Branches:
Dungeon (10/15)            Temple (0/1) D:6            Lair (1/6) D:9
    Orc: D:9-12

Altars:
Cheibriados
Dithmenos
Elyvilon
Gozag
Kikubaaqudgha
Nemelex Xobeh
Ru
Sif Muna
Uskayaw
Vehumet
Wu Jian
Zin
The Shining One

Shops:
D:8 [=[

Annotations:
D:9 Snorg


Innate Abilities, Weirdness & Mutations

Your experience applies equally to all skills.
You have very sharp teeth.
Your uncanny sense of smell can sniff out nearby items.
You have a pair of small horns on your head.
You are partially covered in slimy green scales. (AC +2)
Scrolls take you a little longer to read.
Your natural rate of healing is unusually fast.


Message History

Snorg is no longer berserk.
Snorg goes berserk!
Snorg rages.
Snorg rages.
Snorg bites you!
* * * LOW HITPOINT WARNING * * *
Snorg claws you but does no damage. You block Snorg's attack. Snorg bites you!
* * * LOW HITPOINT WARNING * * *
Snorg claws you but does no damage. Snorg closely misses you.
Snorg barely misses you. x2; Snorg claws you but does no damage.
You begin reading the scroll.
You continue reading the scroll.
You block Snorg's attack. Snorg closely misses you. You block Snorg's attack.
As you read the scroll of teleportation, it crumbles to dust.
You feel strangely unstable. Snorg bites you!
* * * LOW HITPOINT WARNING * * *
Snorg claws you!
You die...
Your body crumbles into a pile of gold.

...........................#
............#..............#
.................#########.#
...........................#
...<.......................#
####.......................#
#..########.............#
#..# #.............# #..#
#..@..........# #..#
#..T..........#
####..########.............#
...........................#
...........................#
#................#########.#
.................#########.#
.....^.....................#
.......#########.########..#


You could see Snorg (berserk).

Vanquished Creatures
  5 two-headed ogres
  An unseen horror (D:10)
  Joseph (D:7)
  3 cane toads (Lair:1)
  11 yaks
  3 wyverns
  2 water moccasins (Lair:1)
  Duvessa (D:7)
  3 orc warriors
  An ice beast (D:4)
  A phantom (D:4)
  A sky beast (D:6)
  3 black bears
  2 centaurs
  3 ogres
  A big kobold (D:9)
  Blork the orc (D:6)
  2 bullfrogs
  Dowan (D:7)
  4 scorpions
  5 killer bees (D:7)
  3 howler monkeys
  4 hounds
  A quasit (D:9)
  3 jellies
  11 orc priests
  A centaur skeleton (D:6)
  2 iguanas
  4 worker ants
  6 orc wizards
  2 hound zombies
  A mummy (D:9)
  A howler monkey zombie (D:9)
  A worker ant zombie (D:5)
  6 adders
  A howler monkey skeleton (D:6)
  3 shadow imps
  2 white imps
  3 oozes
  2 adder skeletons
  6 worms
  2 dart slugs (D:2)
  5 leopard geckos
  36 orcs
  4 bats
  4 giant cockroaches
  5 goblins
  12 hobgoblins
  15 jackals
  19 kobolds
  4 ball pythons
  5 frilled lizards
  A leopard gecko skeleton (D:4)
  5 rats
235 creatures vanquished.

Vanquished Creatures (others)
  A fungus (Lair:1)
  3 plants (Lair:1)
4 creatures vanquished.

Grand Total: 239 creatures vanquished

Notes
Turn   | Place    | Note
-------+----------+-------------------------------------------
     0 | D:1      | Nezzrak the Gnoll Fighter began the quest for the Orb.
     0 | D:1      | Reached XP level 1. HP: 23/23 MP: 1/1
    97 | D:1      | Reached XP level 2. HP: 29/29 MP: 2/2
   312 | D:1      | Reached XP level 3. HP: 30/35 MP: 3/3
  1052 | D:2      | Reached skill level 1 in Invocations
  1300 | D:2      | Reached skill level 1 in Short Blades
  1300 | D:2      | Reached skill level 1 in Long Blades
  1300 | D:2      | Reached skill level 1 in Maces & Flails
  1300 | D:2      | Reached skill level 1 in Polearms
  1300 | D:2      | Reached skill level 1 in Staves
  1300 | D:2      | Reached skill level 1 in Slings
  1300 | D:2      | Reached skill level 1 in Bows
  1300 | D:2      | Reached skill level 1 in Crossbows
  1300 | D:2      | Reached skill level 1 in Throwing
  1300 | D:2      | Reached skill level 1 in Dodging
  1300 | D:2      | Reached skill level 1 in Stealth
  1300 | D:2      | Reached skill level 1 in Unarmed Combat
  1300 | D:2      | Reached skill level 1 in Spellcasting
  1300 | D:2      | Reached skill level 1 in Evocations
  1431 | D:2      | Found a sacrificial altar of Ru.
  1436 | D:2      | Reached XP level 4. HP: 41/41 MP: 5/5
  2362 | D:2      | Found a shimmering blue altar of Sif Muna.
  2667 | D:3      | Reached skill level 1 in Conjurations
  2667 | D:3      | Reached skill level 1 in Hexes
  2667 | D:3      | Reached skill level 1 in Summonings
  2667 | D:3      | Reached skill level 1 in Necromancy
  2667 | D:3      | Reached skill level 1 in Translocations
  2667 | D:3      | Reached skill level 1 in Transmutations
  2667 | D:3      | Reached skill level 1 in Fire Magic
  2667 | D:3      | Reached skill level 1 in Ice Magic
  2667 | D:3      | Reached skill level 1 in Air Magic
  2667 | D:3      | Reached skill level 1 in Earth Magic
  2667 | D:3      | Reached skill level 1 in Poison Magic
  3045 | D:3      | Reached XP level 5. HP: 47/47 MP: 6/6
  3149 | D:3      | Found a shadowy altar of Dithmenos.
  3149 | D:3      | Found a glowing golden altar of the Shining One.
  3861 | D:4      | Reached XP level 6. HP: 53/53 MP: 8/8
  3916 | D:4      | Found a sparkling altar of Nemelex Xobeh.
  4175 | D:4      | Noticed an ice beast
  4182 | D:4      | Noticed a phantom
  4190 | D:4      | Killed an ice beast
  4191 | D:4      | Reached skill level 5 in Axes
  4208 | D:4      | Killed a phantom
  4209 | D:4      | Reached XP level 7. HP: 24/59 MP: 10/10
  4480 | D:4      | Found a white marble altar of Elyvilon.
  4755 | D:5      | Entered Level 5 of the Dungeon
  4921 | D:5      | Found an opulent altar of Gozag.
  4939 | D:5      | Became a worshipper of Gozag Ym Sagoz the Greedy
  5713 | D:6      | Found a staircase to the Ecumenical Temple.
  5741 | D:6      | Reached XP level 8. HP: 38/67 MP: 12/12
  5986 | D:6      | Noticed Blork the orc
  6313 | D:6      | Found a radiant altar of Vehumet.
  6324 | D:6      | Learned a level 1 spell: Freeze
  6328 | D:6      | Learned a level 3 spell: Ozocubu's Armour
  6333 | D:6      | Learned a level 4 spell: Summon Ice Beast
  6338 | D:6      | Learned a level 4 spell: Hailstorm
  6926 | D:6      | Killed Blork the orc
  6969 | D:7      | Noticed Joseph
  6996 | D:7      | Killed Joseph
  7089 | D:7      | Reached XP level 9. HP: 66/72 MP: 14/14
  7768 | D:7      | Found a hide-covered altar of Uskayaw.
  7768 | D:7      | Found an ancient bone altar of Kikubaaqudgha.
  7986 | D:7      | Noticed Duvessa
  7987 | D:7      | Noticed Dowan
  7999 | D:7      | Killed Duvessa
  8005 | D:7      | Killed Dowan
  8576 | D:8      | Noticed a two-headed ogre
  8962 | D:8      | Found Hucheaza's Jewellery Shop.
  8970 | D:8      | Bought an uncursed amulet of guardian spirit for 390 gold
                  | pieces
  8985 | D:8      | Gained mutation: Scrolls take you a little longer to read.
                  | [potion of mutation]
  8985 | D:8      | Gained mutation: You are partially covered in slimy green
                  | scales. (AC +2) [potion of mutation]
  8985 | D:8      | Gained mutation: Your natural rate of healing is unusually
                  | fast. [potion of mutation]
  8985 | D:8      | Gained mutation: You have a pair of small horns on your
                  | head. [potion of mutation]
  9031 | D:8      | Got an ichor-stained dagger
  9063 | D:8      | Found an ornate altar of the Wu Jian Council.
  9181 | D:8      | Reached skill level 5 in Invocations
  9181 | D:8      | Found Joeliede's Armour Boutique.
  9252 | D:8      | Killed a two-headed ogre
  9253 | D:8      | Reached XP level 10. HP: 66/80 MP: 12/17
  9447 | D:8      | Noticed a two-headed ogre
  9448 | D:8      | Reached skill level 5 in Short Blades
  9448 | D:8      | Reached skill level 5 in Long Blades
  9448 | D:8      | Reached skill level 5 in Maces & Flails
  9448 | D:8      | Reached skill level 5 in Polearms
  9448 | D:8      | Reached skill level 5 in Staves
  9448 | D:8      | Reached skill level 5 in Slings
  9448 | D:8      | Reached skill level 5 in Bows
  9448 | D:8      | Reached skill level 5 in Crossbows
  9448 | D:8      | Reached skill level 5 in Throwing
  9448 | D:8      | Reached skill level 5 in Dodging
  9448 | D:8      | Reached skill level 5 in Stealth
  9448 | D:8      | Reached skill level 5 in Unarmed Combat
  9448 | D:8      | Reached skill level 5 in Spellcasting
  9448 | D:8      | Reached skill level 5 in Evocations
  9451 | D:8      | Found a glowing silver altar of Zin.
  9463 | D:8      | Killed a two-headed ogre
  9838 | D:8      | Found Keofael's Armour Shoppe.
  9912 | D:9      | Found a radiant altar of Vehumet.
 10224 | D:9      | Noticed a two-headed ogre
 10234 | D:9      | Killed a two-headed ogre
 10252 | D:9      | Found a snail-covered altar of Cheibriados.
 10326 | D:9      | Found a staircase to the Lair.
 10862 | Lair:1   | Entered Level 1 of the Lair of Beasts
 10862 | Lair:1   | Noticed a cane toad
 10869 | Lair:1   | Killed a cane toad
 10870 | Lair:1   | Reached XP level 11. HP: 86/87 MP: 16/19
 10917 | Lair:1   | Reached skill level 5 in Conjurations
 10917 | Lair:1   | Reached skill level 5 in Hexes
 10917 | Lair:1   | Reached skill level 5 in Summonings
 10917 | Lair:1   | Reached skill level 5 in Necromancy
 10917 | Lair:1   | Reached skill level 5 in Translocations
 10917 | Lair:1   | Reached skill level 5 in Transmutations
 10917 | Lair:1   | Reached skill level 5 in Fire Magic
 10917 | Lair:1   | Reached skill level 5 in Ice Magic
 10917 | Lair:1   | Reached skill level 5 in Air Magic
 10917 | Lair:1   | Reached skill level 5 in Earth Magic
 10917 | Lair:1   | Reached skill level 5 in Poison Magic
 11190 | Lair:1   | Noticed a six-headed hydra
 11226 | D:10     | Entered Level 10 of the Dungeon
 11324 | D:10     | Noticed a two-headed ogre
 11335 | D:10     | Killed a two-headed ogre
 11383 | D:10     | Found an opulent altar of Gozag.
 11507 | D:10     | Noticed a two-headed ogre
 11521 | D:10     | Killed a two-headed ogre
 11541 | D:10     | Killed an unseen horror
 11644 | D:10     | Noticed Snorg
 11667 | D:9      | HP: 4/89 [Snorg (2)]
 11716 | D:9      | HP: 1/89 [Snorg (10)]
 11716 | D:9      | Mangled by Snorg

Illustrated notes

Levels and vault maps discovered:
D:1:      dpeg_arrival_another_circle, layout_loops_ring, minmay_tripent
D:2:      layout_basic, lemuel_blue_sif_altar, overflow_temple_1_default,
          grunt_ministairs_4
D:3:      layout_rooms, gammafunk_temple_overflow_elements, interstate_on_off,
          grunt_decor_one_mirror, kennysheep_doodads
D:4:      layout_basic, lemuel_doored_altar, elyvilon_altar_4
D:5:      layout_basic, grunt_gozag_breadcrumbs, kennysheep_decorative_pillar
D:6:      layout_cave_pools, vehumet_crystals, minmay_temple_entry_junction_2,
          uniq_blork_the_orc
D:7:      layout_layer_cave, gammafunk_temple_overflow_statue,
          minmay_crossroads, uniq_joseph, uniq_duvessa
D:8:      layout_loops_corners, kennysheep_mini, zin_statuary, serial_shops,
          nicolae_shop_trees, nicolae_shop_trees, nicolae_shop_behind_doors
D:9:      layout_long_grid, slow_altar_2, david_lair_generic,
          vehumet_altar_wand_db
D:10:     layout_roguey, basic_altar, uniq_snorg
Lair:1:   layout_chaotic_city, grunt_megastairs_3

Skill      XL: |  1  2  3  4  5  6  7  8  9 10 11 |
---------------+----------------------------------+-----
Invocations    | 1 2 3 4 5 6 7 |  7.1
Short Blades   | 1 2 3 4 5 6 |  6.5
Long Blades    | 1 2 3 4 5 6 |  6.5
Maces & Flails | 1 2 3 4 5 6 |  6.5
Polearms       | 1 2 3 4 5 6 |  6.5
Staves         | 1 2 3 4 5 6 |  6.5
Slings         | 1 2 3 4 5 6 |  6.5
Bows           | 1 2 3 4 5 6 |  6.5
Crossbows      | 1 2 3 4 5 6 |  6.5
Throwing       | 1 2 3 4 5 6 |  6.5
Dodging        | 1 2 3 4 5 6 |  6.5
Stealth        | 1 2 3 4 5 6 |  6.5
Unarmed Combat | 1 2 3 4 5 6 |  6.5
Spellcasting   | 1 2 3 4 5 6 |  6.5
Evocations     | 1 2 3 4 5 6 |  6.5
Conjurations   | 1 2 3 4 5 |  5.3
Hexes          | 1 2 3 4 5 |  5.3
Summonings     | 1 2 3 4 5 |  5.3
Necromancy     | 1 2 3 4 5 |  5.3
Translocations | 1 2 3 4 5 |  5.3
Transmutations | 1 2 3 4 5 |  5.3
Fire Magic     | 1 2 3 4 5 |  5.3
Ice Magic      | 1 2 3 4 5 |  5.3
Air Magic      | 1 2 3 4 5 |  5.3
Earth Magic    | 1 2 3 4 5 |  5.3
Poison Magic   | 1 2 3 4 5 |  5.3
Axes           | 5 6 7 8 |  8.0
Fighting       | 7 8 9 |  9.3
Armour         | 7 8 9 |  9.3
Shields        | 7 8 9 |  9.3

Action                   |  1- 3 |  4- 6 |  7- 9 | 10-12 || total
-------------------------+-------+-------+-------+-------++-------
Melee: War axe           |    89 |   141 |   305 |   222 ||   757
       Bite              |     6 |    16 |    42 |    26 ||    90
       Headbutt          |       |       |     7 |    61 ||    68
Throw: Stone             |     2 |     2 |       |       ||     4
Evoke: Wand              |       |       |     2 |       ||     2
  Use: Scroll            |     1 |     6 |     9 |     4 ||    20
       Potion            |       |     2 |     5 |     2 ||     9
 Stab: Distracted        |       |       |     2 |       ||     2
Armor: Scale mail        |    31 |    48 |       |       ||    79
       Plate armour      |       |     9 |    67 |       ||    76
       Chain mail        |       |       |    77 |   109 ||   186
Dodge: Dodged            |    19 |    32 |   100 |    78 ||   229
Block: Kite shield       |    39 |    82 |   193 |   134 ||   448
